[Event "42nd Olympiad Baku 2016 Women"]
[Site "Baku"]
[Date "2016.09.05"]
[Round "4.16"]
[White "Al-Fayyadh, Zainab Asif Abdulah"]
[Black "Lee Lok Yi"]
[Result "1-0"]
[ECO "B00"]
[WhiteElo "1703"]
[BlackElo "1497"]
[Annotator ""]
[PlyCount "65"]
[EventDate "2016.??.??"]
[EventCountry "AZE"]
[SourceTitle "playchess.com"]
[Source "ChessBase"]
[WhiteTeam "Iraq"]
[BlackTeam "Hong Kong"]
[WhiteTeamCountry "IRQ"]
[BlackTeamCountry "HKG"]
[TimeControl "40/5400+30:1800+30"]

1. e4 {(00:00)} b6 {(00:00)} 2. d4 {(00:00)} e6 {(
00:00)} 3. Nf3 {(00:00)} Bb7 {(00:00)} 4. Bd3 {(00:00)}
Nf6 {(00:05)} 5. Qe2 {(00:13)} Be7 {(01:37)} 6. c4 {
(05:03)} d5 {(04:38)} 7. cxd5 {(02:21)} exd5 {(00:
43)} 8. e5 {(06:09)} Ne4 {(01:20)} 9. Nbd2 {(01:25)} Nxd2
{(07:58)} 10. Bxd2 {(00:50)} c5 {(00:16)} 11. O-O {
(05:11)} Nc6 {(02:25)} 12. Rac1 {(10:40)} Qd7 {(06:
51)} 13. Bc3 {(11:59)} cxd4 {(10:18)} 14. Nxd4 {(02:20)}
Bb4 {(01:23)} 15. Nxc6 {(05:58)} Bxc3 {(01:11)} 16. Rxc3 {
(00:27)} Bxc6 {(01:08)} 17. Rxc6 {(00:30)} O-O {(
08:03)} 18. Rfc1 {(02:02)} Rac8 {(02:18)} 19. Qc2 {(01:48]
} Rce8 {(04:03)} 20. Bxh7+ {(01:48)} Kh8 {(00:42)} 21. Bf5
{(00:54)} Qe7 {(04:04)} 22. Qd3 {(02:30)} g6 {(04:
34)} 23. Qh3+ {(04:01)} Kg7 {(01:20)} 24. Bd7 {(01:43)}
Rh8 {(01:51)} 25. Qg4 {(01:40)} Rh4 {(02:00)} 26. Qf3 {
(05:13)} Qxd7 {(04:11)} 27. Qf6+ {(00:26)} Kg8 {(
04:56)} 28. Qxh4 {(00:25)} Rxe5 {(00:26)} 29. Rc8+ {(01:
31)} Re8 {(01:40)} 30. Qh3 {(01:42)} f5 {(03:41)} 31.
Rxe8+ {(01:42)} Qxe8 {(00:12)} 32. Qe3 {(00:52)} Qd7 {
(03:03)} 33. Qe5 {(00:52)} 1-0

[Event "42nd Olympiad Baku 2016 Women"]
[Site "Baku"]
[Date "2016.09.05"]
[Round "4.18"]
[White "Alkaseir, Roaa"]
[Black "Domingos, Maria M"]
[Result "1-0"]
[ECO "C47"]
[WhiteElo "1674"]
[BlackElo "1689"]
[Annotator ""]
[PlyCount "53"]
[EventDate "2016.??.??"]
[EventCountry "AZE"]
[SourceTitle "playchess.com"]
[Source "ChessBase"]
[WhiteTeam "Syria"]
[BlackTeam "Angola"]
[WhiteTeamCountry "SYR"]
[BlackTeamCountry "ANG"]
[TimeControl "40/5400+30:1800+30"]

1. e4 e5 {(00:00)} 2. Nf3 {(00:00)} Nf6 {(00:00)} 3. Nc3
Nc6 4. d4 {(02:30)} exd4 {(02:25)} 5. Nxd4 {(00:09)} Nxd4
{(01:40)} 6. Qxd4 {(00:07)} c5 {(03:26)} 7. Qd1 {(
05:52)} Qc7 {(00:39)} 8. g4 {(06:20)} h6 9. Be2 {(14:39)}
d6 {(09:17)} 10. Bf4 {(01:29)} Bd7 {(02:03)} 11. f3 {
(06:06)} a6 {(00:29)} 12. Qd2 {(01:23)} Bc6 {(01:
40)} 13. O-O-O {(02:37)} O-O-O {(00:09)} 14. Rhe1 {(02:13]
} Qd7 {(07:42)} 15. Nd5 {(01:14)} Bxd5 {(00:51)} 16. exd5
{(00:06)} g5 {(00:20)} 17. Bd3 {(01:26)} Kb8 {(00:
42)} 18. Bf5 {(00:48)} Qa4 {(00:14)} 19. Bg3 {(04:07)}
Qxa2 {(01:42)} 20. Qc3 {(07:32)} Bg7 {(00:44)} 21. Qxc5 {
(09:25)} Qxb2+ {(11:44)} 22. Kxb2 {(01:26)} Ne4+ {(
00:04)} 23. Qd4 {(00:27)} Bxd4+ {(07:58)} 24. Rxd4 {(00:
24)} Nc5 {(00:48)} 25. Re7 {(01:49)} Rhf8 {(00:11)} 26.
Rc4 {(01:08)} b5 {(02:23)} 27. Rxc5 {(00:10)} 1-0

[Event "42nd Olympiad Baku 2016 Women"]
[Site "Baku"]
[Date "2016.09.05"]
[Round "4.19"]
[White "Allotey, Dorcas"]
[Black "Nepando, Jolly"]
[Result "0-1"]
[ECO "C50"]
[WhiteElo "1504"]
[BlackElo "1517"]
[Annotator ""]
[PlyCount "64"]
[EventDate "2016.??.??"]
[EventCountry "AZE"]
[SourceTitle "playchess.com"]
[Source "ChessBase"]
[WhiteTeam "Ghana"]
[BlackTeam "Namibia"]
[WhiteTeamCountry "GHA"]
[BlackTeamCountry "NAM"]
[TimeControl "40/5400+30:1800+30"]

1. e4 {(00:00)} e5 {(00:00)} 2. Nf3 {(00:00)} Nc6 {
(00:51)} 3. Nc3 {(00:01)} Bc5 {(01:28)} 4. Bc4 {(
01:18)} Nf6 {(01:24)} 5. O-O {(01:31)} O-O {(00:49)} 6. d3
{(00:46)} d6 {(00:48)} 7. h3 {(00:19)} h6 {(00:50)}
8. Re1 {(01:06)} Re8 {(03:54)} 9. Bd2 {(00:45)} Nd4 {
(01:03)} 10. Nh4 {(00:42)} Be6 {(02:59)} 11. Be3 {(
03:24)} Bxc4 {(01:50)} 12. dxc4 {(01:32)} Nxe4 {(08:17)}
13. Qg4 {(00:30)} Nf6 {(01:51)} 14. Bxh6 {(00:20)} Nxg4 {
(00:21)} 15. Nf5 {(03:05)} Nxc2 {(01:03)} 16. hxg4 {
(00:57)} Nxa1 {(00:16)} 17. Rxa1 {(00:21)} gxh6 {(
00:22)} 18. g3 {(01:17)} c6 {(01:26)} 19. Ne4 {(00:59)}
Re6 {(00:54)} 20. a3 {(03:30)} a5 {(00:05)} 21. Rb1 {
(00:34)} Qb6 {(00:24)} 22. Kg2 {(01:08)} d5 {(00:
33)} 23. cxd5 {(00:57)} cxd5 {(00:05)} 24. Nd2 {(03:14)}
Bxf2 {(00:48)} 25. Kh3 {(03:05)} Rae8 {(00:32)} 26. b4 {
(03:24)} a4 {(00:12)} 27. b5 {(00:21)} e4 {(00:18)}
28. Rb4 {(00:42)} e3 {(00:19)} 29. Nf3 {(00:45)} Re4 {
(00:44)} 30. Rb1 {(02:07)} e2 {(00:25)} 31. Rc1 {(
04:09)} e1=Q 32. Nxe1 Rxe1 {(04:30)} 0-1

[Event "42nd Olympiad Baku 2016 Women"]
[Site "Baku"]
[Date "2016.09.05"]
[Round "4.10"]
[White "Angolikin, Goretti"]
[Black "McDowell, Sharon"]
[Result "1-0"]
[ECO "B22"]
[WhiteElo "1613"]
[BlackElo "1685"]
[Annotator ""]
[PlyCount "83"]
[EventDate "2016.??.??"]
[EventCountry "AZE"]
[SourceTitle "playchess.com"]
[Source "ChessBase"]
[WhiteTeam "Uganda"]
[BlackTeam "Honduras"]
[WhiteTeamCountry "UGA"]
[BlackTeamCountry "HON"]
[TimeControl "40/5400+30:1800+30"]

1. e4 {(00:00)} c5 {(00:00)} 2. c3 {(00:00)} d6 {(
00:00)} 3. d4 {(00:03)} Nf6 {(00:47)} 4. Bd3 {(01:08)}
cxd4 {(06:12)} 5. cxd4 {(00:35)} e6 {(00:07)} 6. Ne2 {
(06:21)} Be7 {(01:54)} 7. O-O {(00:15)} O-O {(00:
06)} 8. f4 {(00:15)} b6 {(06:41)} 9. e5 {(05:12)} Nd5 {
(00:09)} 10. Nbc3 {(01:41)} Bb7 {(00:05)} 11. Nxd5 {
(11:04)} Bxd5 {(06:14)} 12. Nc3 {(05:30)} dxe5 {(
05:11)} 13. fxe5 {(04:55)} g6 {(03:15)} 14. Bh6 {(03:32)}
Re8 {(00:25)} 15. Nxd5 {(00:48)} Qxd5 {(00:36)} 16. Qf3 {
(10:53)} Qxf3 {(01:03)} 17. Rxf3 {(00:05)} Nd7 {(
02:57)} 18. Bb5 {(03:06)} Rad8 {(00:25)} 19. Raf1 {(00:59]
} Bf8 {(41:23)} 20. Rxf7 {(09:22)} Re7 {(06:26)} 21. Rxe7
{(05:04)} Bxe7 {(00:25)} 22. Bc4 {(01:49)} Nf8 {(
04:02)} 23. Bxf8 {(00:45)} Bxf8 {(00:06)} 24. Bxe6+ {(00:
24)} Kh8 {(00:32)} 25. d5 {(07:35)} Bh6 {(01:51)} 26. Bf7
{(01:26)} Be3+ {(00:50)} 27. Kh1 {(00:08)} Bd4 {(
00:09)} 28. e6 {(00:25)} Bc5 {(03:22)} 29. Rd1 {(07:52)}
Be7 {(00:31)} 30. g4 {(03:07)} Kg7 {(00:16)} 31. Kg2 {
(01:56)} Kf6 {(00:08)} 32. Kf3 {(02:49)} Ke5 {(00:
19)} 33. Rc1 {(04:12)} Rxd5 {(09:10)} 34. Rc7 {(00:25)}
Kf6 {(00:11)} 35. Rxa7 {(00:40)} Rd2 {(00:58)} 36. g5+ {
(00:28)} Kxg5 37. Rxe7 {(00:14)} Rxb2 {(01:11)} 38. Ra7 {
(00:26)} Rxh2 {(00:24)} 39. e7 {(00:35)} Rh3+ {(00:
05)} 40. Kg2 {(00:00)} Re3 {(00:00)} 41. e8=Q {(01:43)}
Rxe8 {(01:17)} 42. Bxe8 {(00:07)} 1-0

[Event "42nd Olympiad Baku 2016 Women"]
[Site "Baku"]
[Date "2016.09.05"]
[Round "4.25"]
[White "Antonova, Nadezhda"]
[Black "Goossens, Hanne"]
[Result "1-0"]
[ECO "B40"]
[WhiteElo "2015"]
[BlackElo "2149"]
[Annotator ""]
[PlyCount "119"]
[EventDate "2016.??.??"]
[EventCountry "AZE"]
[SourceTitle "playchess.com"]
[Source "ChessBase"]
[WhiteTeam "Tajikistan"]
[BlackTeam "Belgium"]
[WhiteTeamCountry "TJK"]
[BlackTeamCountry "BEL"]
[TimeControl "40/5400+30:1800+30"]

1. e4 {(00:00)} c5 {(00:00)} 2. Nf3 {(00:00)} e6 {(
00:47)} 3. d3 {(00:32)} Nc6 {(00:36)} 4. g3 {(00:20)} g6 {
(00:53)} 5. Bg2 {(00:38)} Bg7 {(00:17)} 6. O-O {(
00:58)} Nge7 {(01:09)} 7. c3 {(01:49)} d5 {(03:20)} 8.
Nbd2 {(04:07)} O-O {(01:47)} 9. Re1 {(00:24)} Qc7 {
(06:42)} 10. Qe2 {(05:06)} b6 {(05:36)} 11. Nf1 {(
02:24)} Ba6 {(05:44)} 12. e5 {(06:41)} Rac8 {(04:56)} 13.
h4 {(02:24)} Rfe8 {(07:35)} 14. N1h2 {(09:02)} Kh8 {
(08:34)} 15. Bf4 {(03:03)} Ng8 {(05:27)} 16. Rad1 {
(06:09)} Qe7 {(02:37)} 17. Bh3 {(09:49)} Qf8 {(06:
39)} 18. Qd2 {(07:51)} Rc7 {(04:53)} 19. g4 {(04:29)} Nge7
{(05:29)} 20. g5 {(01:27)} Nf5 {(01:41)} 21. Ng4 {(
02:31)} Rec8 {(01:14)} 22. Kg2 {(03:02)} Nce7 {(02:07)}
23. Rh1 {(02:42)} d4 {(01:59)} 24. c4 {(01:34)} Bb7 {
(00:28)} 25. Bg3 {(00:24)} Nxg3 {(07:02)} 26. fxg3 {
(00:17)} Nf5 {(00:09)} 27. Kf2 {(02:51)} Qe8 {(03:
37)} 28. Bg2 {(04:48)} Rd8 {(04:18)} 29. h5 {(06:57)} Ne3
{(01:51)} 30. Nxe3 {(01:00)} dxe3+ {(00:02)} 31. Qxe3 {
(00:01)} Rcd7 {(00:29)} 32. Nh4 {(04:10)} Bxg2 {(
00:38)} 33. Nxg2 {(00:16)} Kg8 {(01:28)} 34. Ne1 {(03:04)}
Rd4 {(02:47)} 35. Nf3 {(00:26)} Rg4 {(00:35)} 36. h6 {
(01:44)} Bf8 {(00:25)} 37. Kg2 {(01:08)} Be7 {(02:
18)} 38. Kh3 {(02:13)} Rgd4 {(00:09)} 39. Nxd4 {(00:25)}
Rxd4 {(00:36)} 40. Rhf1 {(00:00)} Bd8 {(00:00)} 41. Rf3 {
(04:13)} Qc6 {(12:16)} 42. Rdf1 {(01:17)} Rd7 {(00:
38)} 43. Kg4 {(04:01)} Qb7 {(02:56)} 44. Rf4 {(03:16)} Qb8
{(05:40)} 45. b3 {(09:03)} Qc8 {(02:23)} 46. Rd1 {(
02:54)} Be7 {(02:08)} 47. Qf3 {(02:20)} Qc7 {(04:03)} 48.
d4 {(05:58)} cxd4 {(05:42)} 49. Rfxd4 {(00:24)} Rxd4+ {
(00:12)} 50. Rxd4 {(00:01)} Qxe5 {(00:19)} 51. Qa8+ {
(01:28)} Bf8 {(00:05)} 52. Rd8 {(00:54)} Qc5 {(00:
48)} 53. Qe4 {(02:53)} f5+ {(01:43)} 54. gxf6 {(00:30)}
Qh5+ {(00:04)} 55. Kf4 {(00:20)} Qxh6+ {(00:10)} 56. Ke5 {
(00:41)} Qh3 {(00:54)} 57. g4 {(00:48)} Qh2+ {(00:
52)} 58. Kxe6 {(00:29)} Qc7 {(00:38)} 59. Rxf8+ {(00:13)}
Kxf8 {(00:13)} 60. Qa8+ {(00:01)} 1-0

[Event "42nd Olympiad Baku 2016 Women"]
[Site "Baku"]
[Date "2016.09.05"]
[Round "4.5"]
[White "Arakhamia-Grant, Ketevan"]
[Black "Soondarsingh, Aditi"]
[Result "1-0"]
[ECO "B24"]
[WhiteElo "2381"]
[BlackElo "1736"]
[Annotator ""]
[PlyCount "57"]
[EventDate "2016.??.??"]
[EventCountry "AZE"]
[SourceTitle "playchess.com"]
[Source "ChessBase"]
[WhiteTeam "Scotland"]
[BlackTeam "TTO"]
[WhiteTeamCountry "SCO"]
[TimeControl "40/5400+30:1800+30"]

1. e4 {(00:00)} c5 {(00:00)} 2. Nc3 {(00:00)} Nc6 {
(00:00)} 3. g3 {(00:00)} g6 {(00:00)} 4. Bg2 {(00:
09)} Bg7 {(00:59)} 5. d3 {(00:26)} e6 {(01:15)} 6. Be3 {
(00:13)} Nd4 {(05:29)} 7. Qd2 {(01:21)} Ne7 {(00:
14)} 8. Nd1 {(01:37)} b6 {(05:37)} 9. c3 {(02:38)} Ndc6 {
(00:29)} 10. Bh6 {(18:03)} O-O {(01:52)} 11. h4 {(
03:13)} Ne5 {(14:16)} 12. Bxg7 {(08:41)} Kxg7 {(00:13)}
13. h5 {(00:27)} Rh8 {(09:49)} 14. d4 {(10:13)} cxd4 {
(08:51)} 15. cxd4 {(00:24)} N5c6 {(01:09)} 16. h6+ {
(05:19)} Kg8 {(00:21)} 17. d5 {(03:01)} exd5 {(13:
18)} 18. exd5 {(02:13)} Na5 {(04:29)} 19. d6 {(10:59)}
Nec6 {(00:10)} 20. Qc3 {(01:24)} Qf8 {(00:36)} 21. Ne3 {
(00:58)} Ba6 {(01:28)} 22. O-O-O {(06:08)} Re8 {(
04:03)} 23. Nd5 {(11:31)} Re6 {(00:38)} 24. Nc7 {(01:38)}
Bc8 {(07:27)} 25. Nf3 {(01:40)} Re4 {(09:45)} 26. Nd5 {
(01:09)} Re6 {(01:24)} 27. Nf6+ {(01:12)} Rxf6 {(
00:05)} 28. Qxf6 {(00:04)} Ba6 {(01:20)} 29. Rde1 {(03:26]
} 1-0

[Event "42nd Olympiad Baku 2016 Women"]
[Site "Baku"]
[Date "2016.09.05"]
[Round "4.8"]
[White "Aranaz Murillo, Amalia"]
[Black "Nguyen, Thi Thanh An"]
[Result "0-1"]
[ECO "A05"]
[WhiteElo "2279"]
[BlackElo "2249"]
[Annotator ""]
[PlyCount "72"]
[EventDate "2016.??.??"]
[EventCountry "AZE"]
[SourceTitle "playchess.com"]
[Source "ChessBase"]
[WhiteTeam "Spain"]
[BlackTeam "Vietnam"]
[WhiteTeamCountry "ESP"]
[BlackTeamCountry "VIE"]
[TimeControl "40/5400+30:1800+30"]

1. Nf3 {(00:00)} Nf6 {(00:00)} 2. c4 {(00:00)} g6 {
(00:00)} 3. g3 {(00:00)} Bg7 {(00:00)} 4. Bg2 {(00:
00)} O-O {(00:00)} 5. Nc3 {(00:21)} d5 {(00:07)} 6. cxd5 {
(02:06)} Nxd5 {(00:09)} 7. h4 {(01:49)} Nf6 {(05:
34)} 8. d4 {(04:51)} c6 {(00:32)} 9. Bg5 {(02:59)} Nbd7 {
(07:16)} 10. Qd2 {(06:52)} h5 {(02:55)} 11. O-O {(
03:35)} Nb6 {(01:49)} 12. b3 {(06:42)} Bf5 {(00:57)} 13.
Rac1 {(01:42)} Re8 {(04:05)} 14. Rfd1 {(04:10)} a5 {
(05:42)} 15. Bh6 {(05:09)} a4 {(02:42)} 16. Bxg7 {(
04:11)} Kxg7 {(00:08)} 17. Ng5 {(00:15)} axb3 {(01:17)}
18. axb3 {(00:07)} Qb8 {(02:48)} 19. Ra1 {(06:06)} Rxa1 {
(10:28)} 20. Rxa1 {(00:06)} Bg4 {(00:30)} 21. e3 {(
11:20)} Nbd5 {(12:59)} 22. Ra5 {(04:29)} b6 {(04:43)} 23.
Ra4 {(00:39)} Qb7 {(04:15)} 24. Nxd5 {(03:29)} cxd5 {
(00:42)} 25. Qa2 {(01:27)} Qc6 {(02:09)} 26. Rc4 {(
12:05)} Qd6 {(03:41)} 27. Rc1 {(00:17)} Qb4 {(02:06)} 28.
Bf1 {(05:41)} Rc8 {(02:43)} 29. Rxc8 {(01:50)} Bxc8 {
(00:04)} 30. Kg2 {(00:38)} Bf5 {(01:04)} 31. Be2 {(
00:57)} Qe1 {(02:46)} 32. Bf3 {(00:40)} Bd3 {(01:49)} 33.
b4 {(06:56)} Bc4 {(05:05)} 34. Qb2 {(00:33)} Qf1+ {
(01:38)} 35. Kh2 {(00:06)} Ng4+ {(01:57)} 36. Bxg4 {
(00:05)} hxg4 {(00:04)} 0-1

[Event "42nd Olympiad Baku 2016 Women"]
[Site "Baku"]
[Date "2016.09.05"]
[Round "4.9"]
[White "Aseel, Odeh"]
[Black "Ziaziulkina, Nastassia"]
[Result "0-1"]
[ECO "B51"]
[WhiteElo "1547"]
[BlackElo "2382"]
[Annotator ""]
[PlyCount "78"]
[EventDate "2016.??.??"]
[EventCountry "AZE"]
[SourceTitle "playchess.com"]
[Source "ChessBase"]
[WhiteTeam "Jordan"]
[BlackTeam "Belarus"]
[WhiteTeamCountry "JOR"]
[BlackTeamCountry "BLR"]
[TimeControl "40/5400+30:1800+30"]

1. e4 {(00:00)} c5 {(00:00)} 2. Nf3 {(00:00)} d6 {(
00:00)} 3. Bb5+ {(00:00)} Nd7 {(00:00)} 4. O-O {(00:19)}
Ngf6 {(00:31)} 5. d3 {(01:08)} e6 {(04:14)} 6. Bg5 {
(02:01)} Be7 {(01:26)} 7. Nc3 {(02:41)} O-O {(06:
29)} 8. Bxd7 {(01:32)} Bxd7 {(00:21)} 9. e5 {(04:23)} dxe5
{(01:48)} 10. Nxe5 {(00:47)} h6 {(03:13)} 11. Bd2 {
(06:53)} Be8 {(04:19)} 12. Qf3 {(14:36)} Bd6 {(07:
49)} 13. Ng4 {(09:21)} Nxg4 {(08:44)} 14. Qxg4 {(01:05)}
Qc7 {(00:58)} 15. h3 {(08:01)} Bc6 {(06:25)} 16. Rfe1 {
(11:44)} Rae8 {(06:49)} 17. Re2 {(14:51)} a6 {(11:
03)} 18. a4 {(08:47)} f5 {(09:24)} 19. Qc4 {(03:25)} Qf7 {
(02:37)} 20. Rae1 {(01:49)} Qg6 {(07:20)} 21. f4 {(
03:36)} Kh7 {(02:00)} 22. Rf2 {(01:31)} e5 {(02:32)} 23.
Nd5 {(01:35)} b5 {(02:02)} 24. axb5 {(00:22)} axb5 {
(00:07)} 25. Qb3 {(00:43)} exf4 {(01:44)} 26. Rxe8 {
(01:04)} Rxe8 {(01:17)} 27. Kf1 {(00:36)} Qh5 {(04:
18)} 28. Nc3 {(00:36)} f3 {(00:45)} 29. gxf3 {(00:29)}
Qxh3+ {(00:30)} 30. Kg1 {(00:24)} Bg3 {(01:13)} 31. Nd1 {
(00:36)} Bxf2+ {(00:25)} 32. Nxf2 {(00:12)} Qxf3 {(
00:17)} 33. Ne4 {(00:27)} fxe4 {(00:15)} 34. dxe4 {(00:14]
} Qd1+ {(00:34)} 35. Kf2 {(00:11)} Qxd2+ {(00:13)} 36. Kf3
{(00:09)} Bxe4+ {(00:37)} 37. Kg3 {(00:08)} Qg2+ {(
00:17)} 38. Kh4 {(00:12)} g5+ {(00:12)} 39. Kh5 {(00:06)}
Bg6# {(00:10)} 0-1

[Event "42nd Olympiad Baku 2016 Women"]
[Site "Baku"]
[Date "2016.09.05"]
[Round "4.29"]
[White "Atthaworadej, Worasuda"]
[Black "Vargas, Gabriela"]
[Result "0-1"]
[ECO "A13"]
[WhiteElo "1748"]
[BlackElo "2050"]
[Annotator ""]
[PlyCount "62"]
[EventDate "2016.??.??"]
[EventCountry "AZE"]
[SourceTitle "playchess.com"]
[Source "ChessBase"]
[WhiteTeam "Thailand"]
[BlackTeam "Paraguay"]
[WhiteTeamCountry "THA"]
[BlackTeamCountry "PAR"]
[TimeControl "40/5400+30:1800+30"]

1. c4 {(00:00)} e6 {(00:00)} 2. g3 {(00:00)} d5 {(
00:28)} 3. cxd5 {(00:36)} exd5 {(00:10)} 4. Bg2 {(01:45)}
c6 {(02:32)} 5. Nf3 {(00:44)} Nf6 {(01:13)} 6. O-O {
(01:38)} Be7 {(02:08)} 7. d4 {(03:01)} Bf5 {(02:47]
} 8. Nc3 {(03:18)} O-O {(01:31)} 9. Bf4 {(04:40)} Nbd7 {
(05:10)} 10. Re1 {(03:01)} h6 {(02:03)} 11. Qb3 {(
04:15)} Qb6 {(00:44)} 12. Qxb6 {(05:04)} axb6 {(06:34)}
13. Red1 {(03:54)} b5 {(02:28)} 14. a3 {(08:32)} Rfe8 {
(07:59)} 15. h3 {(06:32)} b4 {(04:33)} 16. axb4 {(
03:44)} Bxb4 {(00:07)} 17. Be5 {(05:57)} Bxc3 {(09:16)}
18. bxc3 {(01:08)} Ne4 {(00:23)} 19. Rac1 {(14:11)} Ra3 {
(07:54)} 20. c4 {(06:55)} Nc3 {(09:11)} 21. Re1 {(
02:47)} Nxe5 {(05:39)} 22. dxe5 {(07:24)} dxc4 {(04:48)}
23. e3 {(02:42)} Bd3 {(05:03)} 24. Bf1 {(01:03)} Bxf1 {
(01:23)} 25. Kxf1 {(00:20)} b5 {(00:54)} 26. Nd4 {(
01:45)} c5 {(02:46)} 27. Nf3 {(02:31)} Rd8 {(00:25)} 28.
Ra1 {(01:19)} Rxa1 {(00:32)} 29. Rxa1 {(00:06)} b4 {
(00:11)} 30. Rc1 {(00:52)} b3 {(00:21)} 31. Rxc3 {(
02:51)} b2 {(00:07)} 0-1

[Event "42nd Olympiad Baku 2016 Women"]
[Site "Baku"]
[Date "2016.09.05"]
[Round "4.8"]
[White "Azhar, Puteri Rifqah Fahad"]
[Black "Leonardi, Caterina"]
[Result "1/2-1/2"]
[ECO "A05"]
[WhiteElo "1945"]
[BlackElo "2024"]
[Annotator ""]
[PlyCount "80"]
[EventDate "2016.??.??"]
[EventCountry "AZE"]
[SourceTitle "playchess.com"]
[Source "ChessBase"]
[WhiteTeam "Malaysia"]
[BlackTeam "Slovenia"]
[WhiteTeamCountry "MAS"]
[BlackTeamCountry "SLO"]
[TimeControl "40/5400+30:1800+30"]

1. Nf3 {(00:00)} Nf6 {(00:05)} 2. g3 {(00:43)} g6 {
(02:08)} 3. Bg2 {(01:54)} Bg7 {(00:19)} 4. O-O {(
01:43)} O-O {(00:38)} 5. c4 {(01:23)} d6 {(00:50)} 6. d4 {
(01:46)} Na6 {(02:11)} 7. Nc3 {(01:45)} c5 {(04:04]
} 8. d5 {(10:12)} Nc7 {(05:12)} 9. e4 {(02:53)} Rb8 {
(01:48)} 10. Qe2 {(03:30)} Bg4 {(06:16)} 11. h3 {(
01:50)} Bxf3 {(00:23)} 12. Bxf3 {(01:02)} b5 {(04:59)} 13.
cxb5 {(09:29)} Qd7 {(02:41)} 14. Kg2 {(07:04)} Nxb5 {
(01:31)} 15. Nxb5 {(00:57)} Qxb5 {(02:03)} 16. Qc2 {
(02:29)} a5 {(07:51)} 17. Rb1 {(02:54)} a4 {(01:30]
} 18. Bg5 {(02:37)} h6 {(02:35)} 19. Bxf6 {(06:44)} Bxf6 {
(01:37)} 20. b3 {(04:17)} axb3 {(02:43)} 21. axb3 {
(01:32)} Ra8 {(04:27)} 22. Be2 {(02:32)} Qb4 {(00:
54)} 23. Qc4 {(04:38)} Rfb8 {(02:06)} 24. Qxb4 {(04:56)}
Rxb4 {(03:13)} 25. Bc4 {(01:22)} Ra2 {(03:23)} 26. Rfe1 {
(02:02)} Rc2 {(04:58)} 27. Rbc1 {(01:35)} Ra2 {(02:
55)} 28. Rb1 {(01:00)} Bd4 {(20:47)} 29. Re2 {(00:58)} Ra7
{(02:19)} 30. Rc1 {(02:58)} Rb8 {(01:27)} 31. Rcc2 {
(00:51)} g5 {(03:30)} 32. Ra2 {(02:39)} Rba8 {(00:
08)} 33. Rxa7 {(00:43)} Rxa7 {(00:03)} 34. g4 {(01:46)}
Kg7 {(00:38)} 35. Rc2 {(01:26)} Kf6 {(00:48)} 36. Kf3 {
(00:59)} Ke5 {(01:09)} 37. Bb5 {(06:18)} e6 {(01:
42)} 38. Bc4 {(00:42)} Ra1 {(00:47)} 39. Re2 {(02:40)} Rg1
{(01:18)} 40. Ra2 {(00:00)} Re1 {(00:00)} 1/2-1/2

[Event "42nd Olympiad Baku 2016 Women"]
[Site "Baku"]
[Date "2016.09.05"]
[Round "4.6"]
[White "Azman Hisham, Nur Nabila"]
[Black "Kolaric, Spela"]
[Result "0-1"]
[ECO "E06"]
[WhiteElo "1994"]
[BlackElo "2079"]
[Annotator ""]
[PlyCount "122"]
[EventDate "2016.??.??"]
[EventCountry "AZE"]
[SourceTitle "playchess.com"]
[Source "ChessBase"]
[WhiteTeam "Malaysia"]
[BlackTeam "Slovenia"]
[WhiteTeamCountry "MAS"]
[BlackTeamCountry "SLO"]
[TimeControl "40/5400+30:1800+30"]

1. d4 {(00:00)} Nf6 {(00:00)} 2. c4 {(00:00)} e6 {(
00:02)} 3. Nf3 {(00:21)} d5 {(00:40)} 4. g3 {(00:44)} Be7
{(00:43)} 5. Bg2 {(01:08)} O-O {(00:11)} 6. Nc3 {(
00:48)} dxc4 {(03:38)} 7. Ne5 {(04:02)} Nc6 {(04:32)} 8.
Bxc6 {(11:16)} bxc6 {(00:05)} 9. Nxc6 {(00:39)} Qe8 {
(00:30)} 10. Nxe7+ {(08:58)} Qxe7 {(00:07)} 11. Qa4 {
(09:07)} e5 {(06:46)} 12. dxe5 {(11:27)} Qxe5 {(01:
02)} 13. Qxc4 {(02:40)} Bh3 {(07:12)} 14. f3 {(15:41)} Bg2
{(08:14)} 15. Rg1 {(00:07)} Bxf3 {(02:45)} 16. Qf4 {
(00:15)} Qxf4 {(01:14)} 17. Bxf4 {(01:18)} Rfe8 {(
01:09)} 18. Kf2 {(06:09)} Bb7 {(02:57)} 19. Rgd1 {(04:37)}
Re7 {(03:30)} 20. Bg5 {(04:36)} Re6 {(03:34)} 21. Bxf6 {
(00:39)} Rxf6+ {(00:06)} 22. Kg1 {(00:06)} Rb6 {(
08:11)} 23. Rab1 {(02:04)} Kf8 {(03:14)} 24. Rd7 {(07:43)}
Rc8 {(00:51)} 25. Rf1 {(00:07)} f6 {(00:48)} 26. Na4 {
(01:34)} Rc6 {(03:25)} 27. b4 {(02:50)} Rd6 {(04:
40)} 28. Rd1 {(01:53)} Rxd7 {(00:27)} 29. Rxd7 {(00:06)}
Bc6 {(00:05)} 30. Nc5 {(01:05)} Bxd7 {(00:06)} 31. Nxd7+ {
(00:04)} Ke7 {(00:11)} 32. Nc5 {(00:10)} Rd8 {(01:
37)} 33. Nd3 {(00:54)} Rd5 {(01:43)} 34. Kf2 {(00:40)} a5
{(00:48)} 35. a3 {(01:40)} axb4 {(00:26)} 36. axb4 {
(00:05)} Kd6 {(00:30)} 37. Kf3 {(02:25)} Kc6 {(00:
44)} 38. Ke4 {(00:01)} f5+ {(01:08)} 39. Kf4 {(00:00)} Kb5
{(03:40)} 40. h4 {(00:00)} g6 {(00:00)} 41. Ke3 {(
05:02)} Kc4 {(02:49)} 42. Nf4 {(02:17)} Rd4 {(02:56)} 43.
Nd3 {(04:01)} Re4+ {(01:35)} 44. Kf3 {(00:22)} Kb5 {
(00:24)} 45. h5 {(01:17)} g5 {(02:56)} 46. Nc5 {(
01:16)} g4+ 47. Kf2 {(00:27)} Kxb4 {(05:49)} 48. Na6+ {(
15:59)} Kc3 {(02:03)} 49. Nxc7 {(00:17)} Kd2 {(00:10)} 50.
Nd5 {(00:32)} Rxe2+ {(00:10)} 51. Kf1 {(00:34)} Rh2 {
(01:00)} 52. Nf6 {(00:36)} Ke3 {(02:41)} 53. Kg1 {(
00:04)} Ra2 {(01:17)} 54. Nxh7 {(01:58)} Kf3 {(00:10)} 55.
Nf6 {(00:24)} Kxg3 {(00:08)} 56. Kf1 {(00:05)} Ra1+ {
(00:20)} 57. Ke2 {(00:06)} Rh1 {(00:25)} 58. Kd2 {(
01:05)} f4 {(00:26)} 59. Ne4+ {(03:11)} Kg2 {(00:25)} 60.
Nf6 {(00:51)} g3 {(00:22)} 61. Nd5 {(00:09)} Kf3 {(
00:27)} 0-1